 Dungeon Crawl Stone Soup version 0.28-a0-1518-gbe868bca14 (webtiles) character file.

Game seed: 10066386107151788646

15068 Arum the Protected (level 12, -8/102 HPs)
             Began as a Formicid Fighter on Jan 17, 2022.
             Was a Priest of Qazlal.
             Killed from afar by a shock serpent (shapeshifter) (20 damage)
             ... with a bolt of electricity
             ... on level 10 of the Dungeon.
             The game lasted 00:18:26 (12245 turns).

Arum the Protected (Formicid Fighter)              Turns: 12245, Time: 00:18:27

Health: -8/102     AC: 18    Str: 24    XL:     12   Next: 53%
Magic:  1/17       EV: 12    Int: 10    God:    Qazlal [***...]
Gold:   481        SH: 14    Dex: 10    Spells: 11/11 levels left

rFire   . . .      SeeInvis +   e - +2 scimitar (flame)
rCold   + . .      Faith    .   c - +0 buckler
rNeg    . . .      Spirit   .   D - +2 chain mail {rC+}
rPois   .          Reflect  +   (helmet unavailable)
rElec   .          Harm     .   (no cloak)
rCorr   .          Rampage  .   h - +0 pair of gloves
Will    +....                   k - +0 pair of boots
Stlth   ..........              p - amulet of reflection
HPRegen 0.27/turn               f - +4 ring of evasion
MPRegen 0.15/turn               (no ring)

@: studying Armour
A: permanent stasis, dig shafts and tunnels, antennae 3, four strong arms
a: Dig, Shaft Self, Renounce Religion, Upheaval, Elemental Force


You were on level 10 of the Dungeon.
You worshipped Qazlal.
Qazlal was most pleased with you.
You visited 2 branches of the dungeon, and saw 11 of its levels.
You also visited: Bailey.

You collected 871 gold pieces.
You spent 390 gold pieces at shops.

Inventory:

Hand Weapons
 a - a +1 long sword
 e - a +2 scimitar of flaming (weapon)
 q - a +0 great sword
 y - a +2 long sword of freezing
Missiles
 m - 22 javelins
 B - 4 throwing nets
Armour
 c - a +0 buckler (worn)
 h - a +0 pair of gloves (worn)
 k - a +0 pair of boots (worn)
 A - a +0 plate armour
 D - a +2 chain mail of cold resistance (worn)
Jewellery
 f - a +4 ring of evasion (left hand)
 p - an amulet of reflection (around neck)
Wands
 b - a wand of iceblast (9)
 l - a wand of paralysis (1)
 u - a wand of flame (7)
 C - a wand of digging (5)
Scrolls
 v - 5 scrolls of enchant weapon
 x - a scroll of enchant armour
 z - 3 scrolls of identify
 E - a scroll of amnesia
Potions
 d - a potion of might
 g - a potion of cancellation
 i - 7 potions of lignification
 j - a potion of haste
 n - a potion of invisibility
 o - 2 potions of mutation
 r - 2 potions of attraction
 s - 5 potions of resistance
 t - a potion of magic
 w - a potion of ambrosia


   Skills:
 * Level 12.0 Fighting
 * Level 10.8 Long Blades
 * Level 13.3 Armour
 - Level 6.0 Shields
 + Level 7.3 Invocations


You had 11 spell levels left.
You didn't know any spells.
Your spell library contained the following spells:

 Spells                   Type           Power      Damage    Failure   Level
 Sublimation of Blood     Necr           0%         N/A       97%         2
 Wereblood                Tmut           0%         N/A       97%         2
 Frozen Ramparts          Ice            0%         1d2       99%         3
 Hailstorm                Conj/Ice       0%         3d3       100%        4
 Ice Form                 Ice/Tmut       0%         N/A       100%        4
 Summon Ice Beast         Ice/Summ       0%         N/A       100%        4
 Summon Forest            Summ/Tloc      0%         N/A       100%        5
 Summon Mana Viper        Hex/Summ       0%         N/A       100%        5
 Simulacrum               Ice/Necr       0%         N/A       100%        6
 Summon Cactus Giant      Summ           0%         N/A       100%        6
 Monstrous Menagerie      Summ           0%         N/A       100%        7
 Summon Hydra             Summ           0%         N/A       100%        7


Dungeon Overview and Level Annotations

Branches:
Dungeon (10/15)            Temple (1/1) D:5            Lair (0/6) D:8
 Bailey (visited)
    Orc: D:9-12

Altars:
Ashenzari
Cheibriados
Dithmenos
Elyvilon
Fedhas
Gozag
Hepliaklqana
Kikubaaqudgha
Makhleb
Nemelex Xobeh
Okawaru
Qazlal
Ru
Sif Muna
Trog
Uskayaw
Vehumet
Wu Jian
Xom
Yredelemnul
Zin
The Shining One

Shops:
D:5 *


Innate Abilities, Weirdness & Mutations

You cannot be hasted, slowed, berserked, paralysed or teleported.
You can dig through walls and to a lower floor.
You have a pair of large antennae on your head. (SInv)
Your four strong arms can wield two-handed weapons with a shield.


Message History

Qazlal accepts your kill.
You block the tengu warrior's attack. x2
The tengu warrior claws you but does no damage.
Unknown command.
You closely miss the tengu warrior.
The tengu warrior is moderately wounded.
The tengu warrior closely misses you. The tengu warrior pecks you.
You block the tengu warrior's attack.
A basilisk comes into view.
Unknown command.
You slice the tengu warrior!! You burn the tengu warrior.
The tengu warrior is severely wounded.
The tengu warrior hits you but does no damage.
The tengu warrior pecks you but does no damage.
You block the tengu warrior's attack.
You slice the tengu warrior!! You burn the tengu warrior.
You kill the tengu warrior!
Qazlal accepts your kill.
The boulder beetle leaps!
Your Fighting skill increases to level 12!
You completely miss the shock serpent.
The shock serpent is heavily wounded.
The shock serpent bites you but does no damage.
The deep elf pyromancer casts a spell.
The deep elf pyromancer blinks!
You barely miss the shock serpent.
The shock serpent is heavily wounded.
You block the shock serpent's attack. The shock serpent bites you.
The shock serpent shocks you!
You don't have enough magic at the moment.
You closely miss the shock serpent.
The shock serpent is heavily wounded.
You block the shock serpent's attack.
You miss the shock serpent.
The shock serpent is heavily wounded.
The shock serpent shoots out a bolt of lightning at you!
The bolt of electricity hits you!!
* * * LOW HITPOINT WARNING * * *
The bolt of electricity hits you!!
You die...

####### #.# ## #.# .##
#.#### ..## ####.##.#
...## ##.##.#[##
....####...#.##.######..
....'..........<).......
....####...#.###.#####..
...## ##.##.# #@# ..##
#.....# #S## # .##
#.#######lB#####.#### ##
#.#.....§†[K†........ #
#.#.###.#####.#####. #
#.#.#.....#.....# ..
########.#.#.....#..##.#.#
..............#..{{## ..#
..#######..#.....#.{#..##


You could see a boulder beetle, a shock serpent, a basilisk and a kobold
brigand.

Vanquished Creatures
  Harold (D:8)
  2 two-headed ogres
  An ogre mage (D:10)
  3 tengu warriors (D:10)
  A manticore (D:10)
  An efreet (D:10)
  A tengu conjurer (D:10)
  2 trolls (D:10)
  A hornet (D:9)
  Prince Ribbit (D:8)
  6 yaks (D:10)
  A hog (shapeshifter) (D:9)
  3 wyverns
  A shadow (D:10)
  A basilisk (shapeshifter) (D:10)
  Grum (D:8)
  9 vampire mosquitoes
  A steam dragon (D:8)
  Edmund (D:6)
  2 acid dragons
  16 orc warriors
  2 hornet zombies
  2 ice beasts
  3 black bears
  2 wolves (D:8)
  13 centaurs
  2 kobold brigands
  A bullfrog (D:7)
  4 scorpions
  3 killer bees
  13 wights
  2 howler monkeys
  4 centaur zombies
  A jelly (D:7)
  3 hounds
  3 orc priests
  A gnoll shaman (D:5)
  3 centaur skeletons
  4 iguanas
  Ijyb (D:5)
  5 orc wizards
  A howler monkey zombie (D:6)
  7 gnolls
  A howler monkey skeleton (D:7)
  8 adders
  2 shadow imps
  An ufetubus (D:7)
  A worm (D:2)
  3 dart slugs
  43 orcs
  6 bats
  8 endoplasms
  2 giant cockroaches
  9 goblins
  11 hobgoblins
  10 kobolds
  3 quokkas
  6 ball pythons
  6 frilled lizards
  5 rats
  A spectral hobgoblin (D:3)
262 creatures vanquished.

Vanquished Creatures (collateral kills)
  A necrophage (D:4)
  A howler monkey skeleton (D:4)
2 creatures vanquished.

Vanquished Creatures (others)
  3 plants (D:4)
3 creatures vanquished.

Grand Total: 267 creatures vanquished

Notes
Turn   | Place    | Note
-------+----------+-------------------------------------------
     0 | D:1      | Arum the Formicid Fighter began the quest for the Orb.
     0 | D:1      | Reached XP level 1. HP: 18/18 MP: 1/1
   131 | D:1      | Reached XP level 2. HP: 17/24 MP: 2/2
   595 | D:1      | Reached XP level 3. HP: 29/30 MP: 3/3
  1309 | D:2      | Reached XP level 4. HP: 37/37 MP: 4/4
  1936 | D:2      | Reached skill level 4 in Armour
  2287 | D:3      | Found an ornate altar of the Wu Jian Council.
  2369 | D:3      | Found a snail-covered altar of Cheibriados.
  2369 | D:3      | Found a glowing golden altar of the Shining One.
  2369 | D:3      | Found a stormy altar of Qazlal.
  2377 | D:3      | Became a worshipper of Qazlal Stormbringer
  2481 | D:3      | Found a burning altar of Makhleb.
  2681 | D:3      | Reached XP level 5. HP: 34/43 MP: 5/5
  2789 | D:3      | Found a faded altar of an unknown god.
  3055 | D:4      | Noticed a necrophage
  3062 | D:4      | Killed a necrophage
  3063 | D:4      | Reached XP level 6. HP: 41/50 MP: 6/6
  3322 | D:4      | Reached skill level 5 in Fighting
  3358 | D:4      | Noticed a black bear
  3367 | D:4      | Killed a black bear
  3368 | D:4      | Reached skill level 5 in Armour
  3368 | D:4      | Reached XP level 7. HP: 30/56 MP: 7/7
  3721 | D:4      | Found a hazy altar of Hepliaklqana.
  4093 | D:5      | Entered Level 5 of the Dungeon
  4444 | D:5      | Reached * piety under Qazlal
  4515 | D:5      | Reached skill level 5 in Shields
  4563 | D:5      | Noticed Prince Ribbit
  4618 | D:5      | Reached XP level 8. HP: 30/64 MP: 8/8
  4986 | D:4      | Reached skill level 6 in Armour
  5062 | D:5      | Reached skill level 5 in Long Blades
  5069 | D:5      | Found a staircase to the Ecumenical Temple.
  5279 | D:5      | Found an ancient bone altar of Kikubaaqudgha.
  5343 | Temple   | Entered the Ecumenical Temple
  5508 | D:5      | Noticed Ijyb
  5519 | D:5      | Killed Ijyb
  5688 | D:5      | Found Huamaradd's Neck Hole.
  5696 | D:5      | Bought an amulet of reflection for 390 gold pieces
  5965 | D:6      | Noticed Edmund
  5981 | D:6      | Noticed a wyvern
  5989 | D:6      | Killed Edmund
  5989 | D:6      | Reached ** piety under Qazlal
  5993 | D:6      | Killed a wyvern
  5994 | D:6      | Reached skill level 7 in Armour
  5994 | D:6      | Reached XP level 9. HP: 62/72 MP: 9/9
  6340 | D:6      | Reached skill level 1 in Invocations
  6590 | D:6      | Found a glowing silver altar of Zin.
  7156 | D:7      | You fall into a shaft and drop 1 floor!
  7249 | D:8      | Noticed Grum
  7271 | D:8      | Reached skill level 8 in Armour
  7295 | D:8      | Killed Grum
  7306 | D:8      | Reached XP level 10. HP: 45/82 MP: 12/12
  7528 | D:8      | Killed Prince Ribbit
  8241 | D:7      | Reached skill level 9 in Armour
  8254 | D:7      | Reached *** piety under Qazlal
  8572 | D:7      | Found a basalt altar of Yredelemnul.
  8854 | D:8      | Found a staircase to the Lair.
  8868 | D:8      | Noticed Harold
  8881 | D:8      | Killed Harold
  9052 | D:8      | Found a bloodstained altar of Trog.
  9083 | D:9      | Found a flagged portal.
  9101 | Bailey   | Entered a bailey
  9296 | Bailey   | Reached XP level 11. HP: 84/90 MP: 14/14
  9359 | Bailey   | Reached skill level 10 in Fighting
  9369 | Bailey   | HP: 3/90 [centaur (10)]
  9371 | Bailey   | Reached skill level 5 in Invocations
  9860 | Bailey   | Reached skill level 10 in Armour
 10076 | Bailey   | Reached **** piety under Qazlal
 10881 | D:9      | Noticed a two-headed ogre
 10888 | D:9      | Killed a two-headed ogre
 11470 | D:10     | Entered Level 10 of the Dungeon
 11481 | D:10     | Reached skill level 11 in Armour
 11497 | D:10     | Noticed a tengu warrior
 11534 | D:10     | Killed a tengu warrior
 11544 | D:10     | Noticed a two-headed ogre
 11551 | D:10     | Killed a two-headed ogre
 11556 | D:10     | Reached skill level 10 in Long Blades
 11565 | D:10     | Reached skill level 12 in Armour
 11565 | D:10     | Reached XP level 12. HP: 29/100 MP: 16/16
 11603 | D:10     | Noticed a tengu warrior
 11609 | D:10     | Killed a tengu warrior
 12193 | D:10     | Noticed a death drake
 12193 | D:10     | Noticed a tengu warrior
 12194 | D:10     | Noticed an ogre mage
 12230 | D:10     | Noticed a boulder beetle
 12232 | D:10     | Noticed a shock serpent
 12237 | D:10     | Killed an ogre mage
 12238 | D:10     | Reached skill level 13 in Armour
 12241 | D:10     | Killed a tengu warrior
 12245 | D:10     | Killed from afar by a shock serpent (shapeshifter)

Illustrated notes

Levels and vault maps discovered:
D:1:      dpeg_arrival_arbitrary_a, layout_loops_ring
D:2:      layout_basic
D:3:      layout_basic, mainiacjoe_overflow_concentric_impassable,
          old_standard_altar, gammafunk_temple_overflow_claw,
          dreamdust_ecumenical_altar_drowned_temple, minmay_misc_feat_diagonals,
          dk_noncrumbling_2
D:4:      layout_cave_pods, nicolae_hepliaklqana_hazy_memory
D:5:      layout_cave_pools, old_standard_altar, minmay_temple_entry_statues,
          kennysheep_cross_bottleneck, nicolae_shop_sticking_my_neck_out,
          uniq_prince_ribbit1, uniq_ijyb
D:6:      layout_basic, zin_treasury, uniq_edmund
D:7:      layout_loops_ring, lemuel_zombie_altar_yredelemnul
D:8:      layout_gridville, lemuel_doored_altar, lair_entry_dummy, uniq_harold,
          uniq_grum
D:9:      layout_irregular_city, enter_bailey_3
D:10:     minmay_the_grid_square_5x5_4x4 [minmay_the_grid_square_5x5_moneybag,
          minmay_the_grid_square_5x5_bracketed,
          minmay_the_grid_square_5x5_eight, minmay_the_grid_square_5x5_one_wall,
          minmay_the_grid_square_5x5_almost_minimal,
          minmay_the_grid_square_5x5_prize_rear_guard,
          minmay_the_grid_square_5x5_prize_pseudospiral,
          minmay_the_grid_square_5x5_pentomino_r,
          minmay_the_grid_square_5x5_lines,
          minmay_the_grid_square_5x5_prize_gold,
          minmay_the_grid_square_5x5_prize_itemx,
          minmay_the_grid_square_5x5_two_small,
          minmay_the_grid_square_5x5_bridge,
          minmay_the_grid_square_5x5_two_walls_a,
          minmay_the_grid_square_5x5_spiral_small,
          minmay_the_grid_square_5x5_plus], layout_loops_corners
Temple:   nicolae_temple_hex_pool

Skill      XL: |  1  2  3  4  5  6  7  8  9 10 11 12 |
---------------+-------------------------------------+-----
Fighting       | 4 5 7 8 9 11 12 | 12.0
Armour         | 4 5 7 8 9 12 13 | 13.3
Long Blades    | 3 4 5 7 8 10 | 10.8
Shields        | 4 5 6 |  6.0
Invocations    | 2 4 6 7 |  7.3

Action                   |  1- 3 |  4- 6 |  7- 9 | 10-12 || total
-------------------------+-------+-------+-------+-------++-------
Melee: Long sword        |    72 |   140 |   342 |   429 ||   983
       Great sword       |       |       |       |     2 ||     2
       Scimitar          |       |       |       |    48 ||    48
Invok: Upheaval          |       |       |       |     7 ||     7
 Abil: Dig               |       |       |     6 |     2 ||     8
Evoke: Wand              |       |       |     1 |    40 ||    41
  Use: Scroll            |       |     8 |     5 |     6 ||    19
       Potion            |       |       |     5 |     5 ||    10
 Stab: Paralysed         |       |       |     3 |     5 ||     8
Armor: Scale mail        |    32 |    67 |   150 |    11 ||   260
       Plate armour      |       |       |       |    85 ||    85
       Chain mail        |       |       |       |    77 ||    77
Dodge: Dodged            |    26 |    77 |   119 |   181 ||   403
Block: Buckler           |    11 |    32 |   172 |   435 ||   650
       Reflection        |       |       |     4 |     2 ||     6

Table legend: (Time is in decaauts)
 A = Elapsed time spent in this place.
 B = Non-inter-level travel time spent in this place.
 C = Inter-level travel time spent in this place.
 D = Time resting spent in this place.
 E = Time spent auto-exploring this place.
 F = Levels seen in this place.
 G = Mean time per level.
                   A        B        C        D        E       F      G
               +--------+--------+--------+--------+--------+-----+--------+
         Total |  12368 |  11976 |    392 |   1989 |   7180 |  12 | 1030.7 |
       Dungeon |  10563 |  10191 |    372 |   1303 |   6964 |  10 | 1056.3 |
        Temple |     91 |     71 |     20 |      0 |     61 |   1 |   91.0 |
        Bailey |   1713 |   1713 |      0 |    686 |    155 |   1 | 1713.0 |
               +--------+--------+--------+--------+--------+-----+--------+

Top non-repeatable levels by time:
     D:4: 1763 daAuts
  Bailey: 1713 daAuts
     D:2: 1273 daAuts
     D:6: 1201 daAuts
     D:7: 1182 daAuts
     D:5: 1054 daAuts
     D:1: 1047 daAuts
     D:9: 963 daAuts
     D:8: 914 daAuts
     D:3: 671 daAuts
    D:10: 491 daAuts
  Temple: 91 daAuts
